 Dungeon Crawl Stone Soup version 0.25-a0-346-g140ab784a8 (webtiles) character file.

Game seed: 3058211118129602664, levelgen mode: classic

199157 Borgoz the Bludgeoner (level 18, -2/120 HPs)
             Began as a Gargoyle Fighter on Dec 31, 2019.
             Was a High Priest of Okawaru.
             Slain by an alligator snapping turtle (33 damage)
             ... on level 4 of the Shoals on Jan 1, 2020.
             The game lasted 01:11:54 (35334 turns).

Borgoz the Bludgeoner (Gargoyle Fighter)           Turns: 35334, Time: 01:11:57

Health: -2/120     AC: 32    Str: 25    XL:     18   Next: 91%
Magic:  25/25      EV: 18    Int:  6    God:    Okawaru [*****.]
Gold:   2453       SH: 12    Dex: 20    Spells: 17/17 levels left

rFire    + + .     SeeInvis .   a - +5 morningstar of the Moth {elec, *Noise Dex+4}
rCold    + . .     Gourm    .   c - +0 shield
rNeg     + + .     Faith    .   L - +4 ring mail "Heasch" {*Drain rPois rF+ rN+}
rPois    ∞         Spirit   .   E - +2 hat
rElec    +         Reflect  .   B - scarf {rC+ rF+}
rCorr    +         Harm     .   z - +2 pair of gloves {Dex+3}
MR       ++...                  (no boots)
Stlth    +.........             K - amulet of rage
HPRegen  0.30/turn              m - ring of resist corrosion
MPRegen  0.19/turn              q - ring of protection from magic

@: berserk cooldown, flying, slowed, very slow
A: big wings, dopey 1, negative energy resistance 1, electricity resistance,
unbreathing, petrification resistance, rot immunity, AC +13
a: Stop Flying, Heroism, Finesse, Renounce Religion, Evoke Berserk Rage


You were on level 4 of the Shoals.
You worshipped Okawaru.
Okawaru was extremely pleased with you.
You were not hungry.

You visited 5 branches of the dungeon, and saw 28 of its levels.

You collected 2943 gold pieces.
You spent 490 gold pieces at shops.

Inventory:

Hand Weapons
 a - the +5 morningstar of the Moth (weapon) {elec, *Noise Dex+4}
   (Okawaru gifted it to you on level 9 of the Dungeon)

   Occasionally, upon striking a foe, it will discharge some electrical energy
   and cause terrible harm.
   It affects your dexterity (+4).
   It may make noises in combat.
 y - a +3 great mace of crushing
Missiles
 h - 12 throwing nets (quivered)
Armour
 c - a +0 shield (worn)
 z - a +2 pair of gloves of dexterity (worn)
 B - a scarf of resistance (worn)
 E - a +2 hat (worn)
 I - the +2 pair of gloves "Zygyr" {*Slow MR+ MP-9 Str+7}
   (Okawaru gifted it to you on level 2 of the Shoals)

   It affects your strength (+7).
   It affects your resistance to hostile enchantments.
   It affects your magic capacity (-9).
   It may slow you when you take damage.
 L - the +4 ring mail "Heasch" (worn) {*Drain rPois rF+ rN+}
   (You found it on level 6 of the Lair of Beasts)

   It protects you from fire.
   It protects you from poison.
   It protects you from negative energy.
   It causes draining when unequipped.
 U - the +1 scale mail of Quixeyntin {Dex+5}
   (Okawaru gifted it to you on level 14 of the Dungeon)

   It affects your dexterity (+5).
Jewellery
 k - an uncursed ring of ice
 m - a ring of resist corrosion (left hand)
 q - a ring of protection from magic (right hand)
 K - an amulet of rage (around neck)
 S - an uncursed ring of fire
Wands
 b - a wand of disintegration (10)
 n - a wand of paralysis (9)
 w - a wand of flame (32)
 A - a wand of acid (6)
 G - a wand of digging (17)
 H - a wand of iceblast (24)
 Q - a wand of scattershot (3)
Scrolls
 e - 5 scrolls of fog
 g - 13 scrolls of remove curse
 i - 11 scrolls of teleportation
 j - a scroll of enchant weapon
 l - 2 scrolls of holy word
 o - 4 scrolls of magic mapping
 p - 4 scrolls of blinking
 u - 7 scrolls of enchant armour
 x - a scroll of fear
 O - 2 scrolls of identify
 R - 2 scrolls of silence
Potions
 d - a potion of cancellation
 r - a potion of heal wounds
 s - 2 potions of haste
 t - 3 potions of resistance
 D - a potion of ambrosia
 F - 13 potions of curing
 M - a potion of invisibility
 N - a potion of magic
Comestibles
 f - 46 rations


   Skills:
 + Level 16.3 Fighting
 + Level 17.0 Maces & Flails
 + Level 16.3 Armour
 + Level 10.5 Dodging
 + Level 7.6 Shields
 - Level 10.0 Invocations
 + Level 3.1 Evocations


You had 17 spell levels left.
You didn't know any spells.
Your spell library contained the following spells:

 Spells                   Type           Power        Failure   Level  Hunger
 Animate Skeleton         Necr           N/A          86%         1    ##.....
 Apportation              Tloc           #.....       86%         1    ##.....
 Beastly Appendage        Tmut           #.....       86%         1    ##.....
 Confusing Touch          Hex            #.....       86%         1    ##.....
 Sandblast                Erth           #.....       86%         1    ##.....
 Shock                    Conj/Air       #...         86%         1    ##.....
 Sting                    Tmut/Pois      #...         86%         1    ##.....
 Summon Small Mammal      Summ           #...         86%         1    ##.....
 Call Imp                 Summ           #.......     95%         2    ###....
 Passwall                 Tmut/Erth      #.......     95%         2    ###....
 Poisonous Vapours        Pois/Air       #.....       95%         2    ###....
 Sticks to Snakes         Tmut           #.......     95%         2    ###....
 Swiftness                Chrm/Air       #.......     95%         2    ###....
 Call Canine Familiar     Summ           #.......     99%         3    ####...
 Ignite Poison            Fire/Tmut/Pois #.......     99%         3    ####...
 Mephitic Cloud           Conj/Pois/Air  #.......     99%         3    ####...
 Spider Form              Tmut/Pois      #.........   99%         3    ####...
 Static Discharge         Conj/Air       #.......     99%         3    ####...
 Stone Arrow              Conj/Erth      #.....       99%         3    ####...
 Summon Guardian Golem    Hex/Summ       #.......     99%         3    ####...
 Airstrike                Air            #.........   100%        4    #####..
 Ice Form                 Ice/Tmut       #.......     100%        4    #####..
 Olgreb's Toxic Radiance  Pois           #.......     100%        4    #####..
 Passage of Golubria      Tloc           N/A          100%        4    #####..
 Petrify                  Tmut/Erth      #.......     100%        4    #####..
 Summon Ice Beast         Ice/Summ       #.......     100%        4    #####..
 Summon Lightning Spire   Summ/Air       #.......     100%        4    #####..
 Blade Hands              Tmut           #.........   100%        5    ######.
 Bolt of Magma            Conj/Fire/Erth #.........   100%        5    ######.
 Iskenderun's Battlesphe  Conj/Chrm      #.......     100%        5    ######.
 Lee's Rapid Deconstruct  Erth           #.........   100%        5    ######.
 Lightning Bolt           Conj/Air       #.........   100%        5    ######.
 Metabolic Englaciation   Hex/Ice        #.........   100%        5    ######.
 Darkness                 Hex            #.........   100%        6    #######
 Freezing Cloud           Conj/Ice/Air   #.........   100%        6    #######
 Invisibility             Hex            #.......     100%        6    #######
 Iron Shot                Conj/Erth      #.........   100%        6    #######
 Ozocubu's Refrigeration  Ice            #.........   100%        6    #######
 Simulacrum               Ice/Necr       #.........   100%        6    #######
 Orb of Destruction       Conj           #.........   100%        7    #######
 Spellforged Servitor     Conj/Summ      #.........   100%        7    #######


Dungeon Overview and Level Annotations

Branches:
Dungeon (15/15)            Temple (1/1) D:6            Lair (6/6) D:11
 Shoals (4/4) Lair:3        Snake (0/4) Lair:3        Slime (0/5) Lair:6
    Orc (2/2) D:9             Elf (0/3) Orc:2        Vaults (0/5) D:13
 Depths (0/5) D:15

Altars:
Ashenzari
Cheibriados
Dithmenos
Elyvilon
Fedhas
Gozag
Hepliaklqana
Kikubaaqudgha
Makhleb
Nemelex Xobeh
Okawaru
Qazlal
Ru
Sif Muna
Trog
Uskayaw
Vehumet
Wu Jian
Xom
Yredelemnul
Zin
The Shining One
Jiyva

Shops:
D:10 [*?[!   D:12 *   D:15 *   Orc:2 :*[(   Shoals:2 (   Shoals:4 %

Portals:
Abyss: Lair:3


Innate Abilities, Weirdness & Mutations

You are resistant to torment.
Your stone body is resilient. (AC +13)
You are immune to poison.
Your large and strong wings let you fly indefinitely.
You resist negative energy. (rN+)
You are resistant to electric shocks. (rElec)
You can survive without breathing.
You are immune to petrification.
You are immune to rotting.
You are dopey. (Int -2)


Message History

You bludgeon the water nymph!!
You kill the water nymph!
Okawaru accepts your kill.
The alligator snapping turtle bites you!
* * * LOW HITPOINT WARNING * * *
Your shield prevents you from hitting the alligator snapping turtle.
The alligator snapping turtle is lightly wounded.
You bludgeon the alligator snapping turtle!!
The alligator snapping turtle is heavily wounded.
The alligator snapping turtle misses you.
You hit the alligator snapping turtle but do no damage.
Lightning courses through the alligator snapping turtle!
The alligator snapping turtle is heavily wounded.
Your shield prevents you from hitting the alligator snapping turtle.
The alligator snapping turtle is heavily wounded.
You are no longer berserk.
You are exhausted.
You feel yourself slow down.
The alligator snapping turtle bites you!!
You die...

≈≈≈≈≈≈≈≈≈≈≈≈≈≈≈≈≈≈≈≈≈≈≈≈≈≈≈≈
≈≈≈≈≈≈≈≈≈≈≈≈≈≈≈≈≈≈≈≈≈..≈≈≈≈≈
≈≈≈≈≈≈≈≈≈≈≈≈≈≈≈≈≈≈≈.....≈≈≈≈
≈≈≈≈≈≈≈≈≈≈≈≈≈≈≈≈≈≈≈......≈≈≈
≈≈≈≈≈≈≈≈≈≈≈≈######........≈≈
≈≈≈≈≈≈≈≈≈..##≈...)#.......≈≈
≈≈≈≈≈≈≈.####≈....#.#.......≈
≈≈≈≈≈≈≈.###≈..#t..#.#......≈
≈≈≈≈≈≈≈..##≈.≈@≈≈...#......≈
≈≈≈≈≈≈≈≈..#≈.≈##≈≈..#......≈
≈≈≈≈≈≈≈≈≈≈#≈.†≈#≈#).#!.....≈
≈≈≈≈≈≈≈≈≈≈#≈#).≈≈..≈#......≈
≈≈≈≈≈≈≈≈≈≈##≈#....≈## ....≈
≈≈≈≈≈≈≈≈≈)≈## ≈≈≈≈## .≈≈≈
≈≈≈≈≈≈≈≈≈≈≈≈######## .E.≈≈
≈≈≈≈≈≈≈≈≈≈≈≈≈...≈..##.≈.≈≈
≈≈≈≈≈≈≈≈.≈≈)[.........≈≈≈≈
≈≈≈≈


You could see an alligator snapping turtle.

Vanquished Creatures
  Nikola (Shoals:1)
  A kraken (Shoals:2)
  Agnes (D:15)
  An orc warlord (Orc:2)
  An ironheart preserver (D:13)
  2 entropy weavers (Lair:4)
  Azrael (Orc:2)
  3 merfolk javelineers (Shoals:4)
  7 merfolk impalers
  Josephine (Orc:1)
  A fire dragon (Lair:6)
  The ghost of Flugkiller the Nimble, a journeyman OpWn of Nemelex Xobeh (Lair:3)
  Fannar (Orc:1)
  9 hydras
  Harold (D:7)
  A rakshasa (Lair:3)
  Erica (D:10)
  7 centaur warriors
  3 merfolk avatars
  A merfolk aquamancer (Shoals:3)
  An alligator snapping turtle (Shoals:4)
  A satyr (Shoals:4)
  4 two-headed ogres
  3 tengu warriors
  A queen ant (Lair:4)
  A hell hog (Lair:3)
  Urug (Orc:2)
  4 orc high priests (Orc:2)
  A thrashing horror (Lair:3)
  Nergalle (D:10)
  Sonja (D:10)
  The ghost of twoshot the Magician, a novice GnFE of Ashenzari (D:7)
  4 skeletal warriors
  2 unseen horrors
  10 sea snakes
  Pikel (D:7)
  21 harpies
  A wolf spider zombie (D:15)
  A flayed ghost (D:15)
  A necromancer (D:15)
  3 orc knights
  The ghost of Requin the Cleaver, a novice HOFi of Beogh (D:5)
  3 deep elf magi
  A lindwurm (Lair:6)
  3 oklob plants (Lair:6)
  27 ugly things
  2 wolf spiders (Lair:6)
  5 orc sorcerers (Orc:2)
  4 cyclopes
  9 manticores
  6 fauns
  7 centaur zombies
  10 water nymphs
  A stone giant skeleton (D:15)
  Maurice (D:10)
  8 black mambas
  10 merfolk sirens
  A guardian serpent (Lair:6)
  5 torpor snails (Lair:6)
  4 molten gargoyles
  A gargoyle (D:15)
  2 centaur skeletons
  4 rime drakes
  13 spiny frogs
  5 komodo dragons
  A freezing wraith (D:14)
  2 spriggan skeletons (D:15)
  28 merfolk
  A guardian mummy (D:15)
  A queen bee (Lair:3)
  13 trolls
  5 wind drakes
  9 hornets (Lair:6)
  4 tyrant leeches (Lair:6)
  9 blink frogs
  5 slime creatures
  4 polar bears (Lair:2)
  4 snapping turtles
  8 hippogriffs
  14 dream sheep
  2 shadows
  A redback (Lair:6)
  An ice dragon skeleton (D:15)
  4 water elementals
  A ynoxinul (Lair:3)
  A spriggan (Lair:3)
  A vampire (D:14)
  5 wraiths
  A basilisk (D:9)
  A hungry ghost (D:8)
  10 wyverns
  58 yaks
  2 steam dragons
  4 vampire mosquitoes
  3 wargs
  4 hell hounds (Orc:2)
  4 nagas (Lair:3)
  23 soldier ants
  18 water moccasins
  An acid dragon (D:12)
  25 orc warriors
  5 porcupines
  8 sky beasts
  6 ice beasts
  4 slaves (D:7)
  2 eyes of draining
  4 black bears
  10 wolves (Lair:3)
  3 phantoms
  13 ogres
  28 centaurs
  11 crocodiles
  6 big kobolds
  13 bullfrogs
  4 scorpions
  3 wights
  28 killer bees
  2 howler monkeys (D:9)
  13 crimson imps
  A lava snake (D:13)
  7 jellies
  A quasit (D:7)
  4 bullfrog zombies
  5 hounds
  A gnoll shaman (D:8)
  A bullfrog skeleton (D:12)
  23 orc priests
  20 orc wizards
  Natasha (thrice) (D:2)
  6 iguanas
  35 worker ants
  A howler monkey zombie (D:9)
  A worker ant zombie (D:7)
  13 gnolls
  12 adders
  3 shadow imps
  A white imp (D:6)
  An ooze (D:1)
  An adder zombie (D:8)
  4 worms
  2 adder skeletons
  2 dart slugs
  6 leopard geckos
  72 orcs
  9 giant cockroaches
  11 goblins
  6 hobgoblins
  6 jackals
  12 kobolds
  8 quokkas
  12 bats
  5 frilled lizards
  A giant cockroach zombie (D:6)
  2 jackal skeletons
  A leopard gecko skeleton (D:5)
  A leopard gecko zombie (D:5)
  A quokka skeleton (D:4)
  8 rats
  A fungus (Lair:3)
  A plant (Lair:6)
  A tentacle (Shoals:4)
995 creatures vanquished.

Vanquished Creatures (others)
  A merfolk (Shoals:1)
  A sky beast (D:13)
  4 killer bees
  2 orc priests (Orc:2)
  5 orcs (Orc:2)
  33 fungi
  48 plants
  15 tentacles
  2 withered plants (D:15)
111 creatures vanquished.

Grand Total: 1106 creatures vanquished

Notes
Turn   | Place    | Note
-------+----------+-------------------------------------------
     0 | D:1      | Borgoz the Gargoyle Fighter began the quest for the Orb.
     0 | D:1      | Reached XP level 1. HP: 14/14 MP: 1/1
    96 | D:1      | Reached XP level 2. HP: 19/19 MP: 2/2
   669 | D:1      | Reached XP level 3. HP: 23/23 MP: 3/3
   928 | D:2      | Reached skill level 3 in Maces & Flails
  1165 | D:2      | Noticed Natasha
  1190 | D:2      | Killed Natasha
  1190 | D:2      | Reached XP level 4. HP: 21/29 MP: 4/4
  1374 | D:2      | Found a basalt altar of Yredelemnul.
  1393 | D:2      | Found a white marble altar of Elyvilon.
  1426 | D:2      | Found a blossoming altar of Fedhas.
  1618 | D:2      | Found a snail-covered altar of Cheibriados.
  1891 | D:2      | Noticed Natasha
  1907 | D:2      | Killed Natasha
  2106 | D:3      | Reached XP level 5. HP: 32/33 MP: 5/5
  2219 | D:2      | Noticed Natasha
  2226 | D:2      | Killed Natasha
  2226 | D:2      | Reached skill level 4 in Maces & Flails
  2302 | D:3      | Found a shadowy altar of Dithmenos.
  2427 | D:3      | Reached XP level 6. HP: 26/39 MP: 6/6
  3371 | D:4      | Reached skill level 5 in Maces & Flails
  3535 | D:4      | Reached skill level 5 in Fighting
  3535 | D:4      | Reached skill level 5 in Armour
  3547 | D:4      | Reached XP level 7. HP: 44/44 MP: 7/7
  3725 | D:4      | Reached skill level 6 in Maces & Flails
  3931 | D:5      | Entered Level 5 of the Dungeon
  3933 | D:5      | Found a bloodstained altar of Trog.
  4267 | D:5      | Reached XP level 8. HP: 47/51 MP: 8/8
  4388 | D:5      | Reached skill level 7 in Maces & Flails
  4409 | D:5      | Found a radiant altar of Vehumet.
  4454 | D:5      | Noticed Requin's ghost (novice HOFi)
  4458 | D:5      | Found a transporter.
  4458 | D:5      | Found a transporter.
  5012 | D:6      | Found a staircase to the Ecumenical Temple.
  5022 | Temple   | Entered the Ecumenical Temple
  5089 | Temple   | Became a worshipper of Warmaster Okawaru
  5200 | D:6      | Reached skill level 8 in Maces & Flails
  5220 | D:6      | Reached XP level 9. HP: 50/56 MP: 9/9
  5539 | D:6      | Reached * piety under Okawaru
  5860 | D:7      | Found a stormy altar of Qazlal.
  5924 | D:7      | Found a shimmering blue altar of Sif Muna.
  5935 | D:7      | Noticed Harold
  5961 | D:7      | Killed Harold
  5961 | D:7      | Reached skill level 9 in Maces & Flails
  5969 | D:7      | Reached ** piety under Okawaru
  6351 | D:7      | Found a burning altar of Makhleb.
  6368 | D:7      | Noticed twoshot's ghost (novice GnFE)
  6544 | D:7      | Found a runed translucent door.
  6566 | D:7      | Reached XP level 10. HP: 54/64 MP: 10/10
  6665 | D:7      | Noticed Pikel
  6769 | D:7      | Killed Pikel
  6769 | D:7      | Reached *** piety under Okawaru
  6769 | D:7      | Reached skill level 10 in Maces & Flails
  7130 | D:8      | Noticed a purple ugly thing
  7149 | D:8      | Killed a purple ugly thing
  7526 | D:8      | Reached **** piety under Okawaru
  7639 | D:8      | Reached skill level 11 in Maces & Flails
  7780 | D:8      | Noticed a three-headed hydra
  7793 | D:8      | Killed a three-headed hydra
  7793 | D:8      | Reached ***** piety under Okawaru
  7894 | D:9      | Reached XP level 11. HP: 71/71 MP: 11/11
  8169 | D:9      | Noticed a two-headed ogre
  8190 | D:9      | Noticed a two-headed ogre
  8205 | D:8      | Killed a two-headed ogre
  8205 | D:8      | Received a gift from Okawaru
  8205 | D:8      | Reached skill level 12 in Maces & Flails
  8221 | D:9      | Reached skill level 10 in Fighting
  8230 | D:9      | Reached skill level 10 in Armour
  8736 | D:9      | Found a staircase to the Orcish Mines.
  8819 | D:9      | Noticed a centaur warrior
  8821 | D:9      | Noticed a deep elf mage
  8844 | D:9      | Killed a centaur warrior
  8850 | D:9      | Noticed a cyclops
  8856 | D:9      | Killed a deep elf mage
  8880 | D:9      | Killed a cyclops
  8971 | D:9      | Got a shimmering scimitar
  9023 | D:9      | Identified the +9 scimitar "Mecofyux" {flame, rPois Dex+3}
                  | (You found it on level 9 of the Dungeon)
  9207 | D:9      | Killed a two-headed ogre
  9207 | D:9      | Reached skill level 13 in Maces & Flails
  9207 | D:9      | Reached skill level 1 in Dodging
  9392 | D:9      | Reached ****** piety under Okawaru
  9392 | D:9      | Reached XP level 12. HP: 66/79 MP: 12/12
  9520 | D:9      | Noticed a two-headed ogre
  9528 | D:9      | Killed a two-headed ogre
  9528 | D:9      | Received a gift from Okawaru
  9531 | D:9      | Got a crystal morningstar {god gift}
  9532 | D:9      | Identified the +5 morningstar of the Moth {elec, *Noise
                  | Dex+4} (Okawaru gifted it to you on level 9 of the Dungeon)
  9614 | D:10     | Entered Level 10 of the Dungeon
  9614 | D:10     | Found Niygy's Distillery.
  9654 | D:10     | Noticed Maurice
  9681 | D:10     | Noticed Sonja
  9698 | D:10     | Killed Maurice
  9700 | D:10     | Killed Sonja
  9712 | D:10     | Bought a potion of heal wounds for 65 gold pieces
  9772 | D:10     | Found Woraden's Antique Armour Shoppe.
  9775 | D:10     | Bought an ichor-stained scale mail for 315 gold pieces
  9785 | D:10     | Identified the cursed +0 scale mail of Defiance {*Slow +Inv
                  | rElec Str+5} (You bought it in a shop on level 10 of the
                  | Dungeon)
  9797 | D:10     | Found Seihef's Magic Scroll Boutique.
  9803 | D:10     | Noticed Erica
  9811 | D:10     | Killed Erica
  9811 | D:10     | Received a gift from Okawaru
  9868 | D:10     | Found Ciju's Antique Armour Shop.
 10272 | D:10     | Noticed Nergalle
 10284 | D:10     | Killed Nergalle
 10288 | D:10     | Found Meoqomoa's Assorted Antiques.
 10651 | D:5      | Killed Requin's ghost
 10775 | D:7      | Killed twoshot's ghost
 10922 | D:11     | Received a gift from Okawaru
 11414 | D:11     | Found a staircase to the Lair.
 11574 | D:12     | Received a gift from Okawaru
 11637 | D:12     | Found Suph's General Store.
 11906 | D:12     | Reached XP level 13. HP: 23/86 MP: 13/13
 12998 | D:12     | Reached skill level 14 in Maces & Flails
 13337 | D:13     | Reached skill level 5 in Dodging
 13556 | D:13     | Got a fabulously ornate robe
 14012 | D:13     | Received a gift from Okawaru
 14044 | D:13     | Got a polished morningstar {god gift}
 14063 | D:13     | Identified the +1 morningstar of the Tired Seas {flame,
                  | Str-5 Dex+5} (Okawaru gifted it to you on level 13 of the
                  | Dungeon)
 14095 | D:13     | Noticed an ironheart preserver
 14266 | D:13     | Killed an ironheart preserver
 14324 | D:13     | Found a gate to the Vaults.
 14485 | D:14     | Received a gift from Okawaru
 14799 | D:14     | Received a gift from Okawaru
 14930 | D:14     | Gained mutation: Your large and strong wings let you fly
                  | indefinitely. [Gargoyle growth]
 14930 | D:14     | Reached XP level 14. HP: 55/94 MP: 11/14
 15088 | D:14     | Reached skill level 1 in Invocations
 15513 | D:14     | Received a gift from Okawaru
 15548 | D:14     | Got a diamond-encrusted scale mail {god gift}
 16316 | D:15     | Entered Level 15 of the Dungeon
 16523 | D:15     | Noticed Agnes
 16543 | D:15     | Killed Agnes
 16828 | D:15     | Reached skill level 15 in Maces & Flails
 16951 | D:15     | Identified the +1 scale mail of Quixeyntin {Dex+5} (Okawaru
                  | gifted it to you on level 14 of the Dungeon)
 17031 | D:15     | Found a staircase to the Depths.
 17034 | D:15     | Received a gift from Okawaru
 17528 | D:15     | Found Esoi's Assorted Antiques.
 17833 | Lair:1   | Entered Level 1 of the Lair of Beasts
 18732 | Lair:2   | Reached skill level 5 in Invocations
 18761 | Lair:2   | Received a gift from Okawaru
 18778 | Lair:2   | Reached XP level 15. HP: 88/100 MP: 18/18
 18806 | Lair:2   | Identified the cursed +1 robe of the Jackalope {*Drain rN++
                  | Int+4} (You found it on level 13 of the Dungeon)
 19606 | Lair:3   | Found a transporter.
 19701 | Lair:3   | Found a staircase to the Snake Pit.
 20073 | Lair:3   | Received a gift from Okawaru
 20218 | Lair:3   | Noticed Flugkiller's ghost (journeyman OpWn)
 20228 | Lair:3   | Found a transporter.
 20350 | Lair:3   | Found a staircase to the Shoals.
 22153 | Lair:5   | Received a gift from Okawaru
 22683 | Lair:6   | Entered Level 6 of the Lair of Beasts
 22720 | Lair:6   | Got an ichor-stained ring mail
 23250 | Lair:6   | Reached XP level 16. HP: 101/107 MP: 21/21
 23264 | Lair:6   | Found a runed translucent door.
 23267 | Lair:6   | Identified the +4 ring mail "Heasch" {*Drain rPois rF+ rN+}
                  | (You found it on level 6 of the Lair of Beasts)
 23297 | Lair:6   | Received a gift from Okawaru
 23734 | Lair:6   | Found a staircase to the Slime Pits.
 23735 | Lair:6   | Found a viscous altar of Jiyva.
 23759 | Lair:6   | Reached skill level 15 in Armour
 23817 | Lair:6   | Reached skill level 15 in Fighting
 23933 | Lair:6   | Reached skill level 16 in Maces & Flails
 24683 | Lair:3   | Killed Flugkiller's ghost
 24683 | Lair:3   | Received a gift from Okawaru
 24985 | Lair:3   | Found a one-way gate to the infinite horrors of the Abyss.
 25215 | Orc:1    | Entered Level 1 of the Orcish Mines
 25339 | Orc:2    | Entered Level 2 of the Orcish Mines
 25342 | Orc:2    | Found a staircase to the Elven Halls.
 25456 | Orc:2    | Noticed Urug
 25469 | Orc:2    | Killed Urug
 25970 | Orc:2    | Noticed Azrael
 26423 | Orc:2    | Killed Azrael
 26930 | Orc:2    | Received a gift from Okawaru
 27105 | Orc:1    | Noticed Josephine
 27122 | Orc:1    | Noticed Fannar
 27123 | Orc:1    | Killed Josephine
 27132 | Orc:1    | Killed Fannar
 27396 | Orc:2    | Gained mutation: You are dopey. (Int -2) [a neqoxec]
 28017 | Orc:2    | Found Ireorril's General Store.
 28018 | Orc:2    | Found Jorial's Book Emporium.
 28019 | Orc:2    | Found Runejeili's Antique Armour Emporium.
 28019 | Orc:2    | Found Pemebluh's Antique Weapon Shoppe.
 28033 | Orc:2    | Bought 2 potions of heal wounds for 110 gold pieces
 28343 | Shoals:1 | Entered Level 1 of the Shoals
 28461 | Shoals:1 | Received a gift from Okawaru
 28520 | Shoals:1 | Noticed Nikola
 28542 | Shoals:1 | Killed Nikola
 29289 | Shoals:2 | Reached skill level 5 in Shields
 29329 | Shoals:2 | Reached XP level 17. HP: 73/113 MP: 23/23
 30089 | Shoals:2 | Received a gift from Okawaru
 30094 | Shoals:2 | Got a pair of pitted gloves {god gift}
 30105 | Shoals:2 | Identified the +2 pair of gloves "Zygyr" {*Slow MR+ MP-9
                  | Str+7} (Okawaru gifted it to you on level 2 of the Shoals)
 30461 | Shoals:2 | Found Luriemot's Antique Weapon Emporium.
 30536 | Shoals:2 | Noticed a kraken
 30554 | Shoals:2 | Killed a kraken
 31290 | Shoals:3 | Reached skill level 10 in Dodging
 32500 | Shoals:4 | Entered Level 4 of the Shoals
 32531 | Shoals:4 | Reached skill level 10 in Invocations
 32747 | Shoals:4 | Noticed a kraken
 33423 | Shoals:4 | Received a gift from Okawaru
 33937 | Shoals:4 | Reached skill level 1 in Evocations
 33946 | Shoals:4 | Reached XP level 18. HP: 120/120 MP: 25/25
 33974 | Shoals:4 | Found Gauxkyan's Food Emporium.
 35042 | Shoals:4 | Reached skill level 17 in Maces & Flails
 35334 | Shoals:4 | Slain by an alligator snapping turtle

Levels and vault maps discovered:
D:1:      wander_arrival_peaceful_grave, layout_basic
D:2:      layout_loops_cross, nicolae_overflow_quartered_altars,
          grunt_decor_one_mirror, uniq_natasha
D:3:      layout_basic, nicolae_dithmenos_through_a_glass_darkly
D:4:      layout_cave_pools
D:5:      layout_loops_ring, bloody_trog, vehumet_crystals,
          gammafunk_ghost_arena, first_ration, grunt_ministairs_9
D:6:      layout_loops_ring, minmay_temple_entry_sparse_star,
          minmay_fire_ice_demons
D:7:      layout_basic, grunt_qazlal_clouds, old_standard_altar,
          nicolae_overflow_crystal_walls, hellmonk_ghost_happy_afterlife,
          uniq_pikel, uniq_harold
D:8:      layout_rooms, hangedman_ranch [blue_anna_fruit_fields]
D:9:      minmay_the_grid_4x2 [minmay_the_grid_aliased_spiral,
          minmay_the_grid_embedded, minmay_the_grid_tiny_cups,
          minmay_the_grid_outer_circle, minmay_the_grid_fan,
          minmay_the_grid_stretched_grid, minmay_the_grid_broken_lines,
          minmay_the_grid_prize_trominoes], layout_long_grid, orc_0_dummy,
          roderic_batcave
D:10:     layout_stronghold, serial_shops, shop, kennysheep_mini,
          nicolae_shop_trees, shop_fountains,
          nicolae_shop_temple_entry_statues_fountains, uniq_maurice, uniq_sonja,
          uniq_erica, uniq_nergalle
D:11:     layout_rooms, grunt_lair_entry_orc_guard_hut, serial_glass,
          glass_columns_a, glass_columns_c, chequers_serial_rivers_micro_b,
          st_stairs_14
D:12:     layout_grid_maze, serial_shops, shop
D:13:     layout_irregular_city, skrybe_vaults_entry_preservation, minivault_8
D:14:     layout_basic, serial_park_tiny_1
D:15:     gammafunk_depths_entry_grave, layout_basic, serial_shops, shop,
          hangedman_decor_lopped, uniq_agnes
Temple:   nicolae_temple_x_marks_the_god
Lair:1:   layout_small_grid
Lair:2:   layout_hall_layers, cheibrodos_lair_lostbears, serial_bayou_shore_b
Lair:3:   layout_roguey, elwin_shoals_entry_rooms,
          minmay_snake_entry_guardpost_small, special_room [special_room_bee],
          gammafunk_ghost_abyssal_escape, serial_bayou_shore_b
Lair:4:   layout_gridlike, serial_forest, infiniplex_forest_end_2,
          infiniplex_forest_clump_C, infiniplex_forest_lined_3,
          infiniplex_forest_end_1, infiniplex_forest_lined_corner,
          infiniplex_forest_corner_1, infiniplex_forest_zigzag_1,
          infiniplex_forest_corner_1, minivault_29
Lair:5:   layout_regular_city
Lair:6:   wormcave, layout_regular_city, hangedman_lair_tendril_chambers,
          slime_altar_1, chequers_serial_rivers_micro_b,
          minmay_lair_oklob_chamber
Shoals:1: layout_shoals, nicolae_shoals_arrival_archipelago, uniq_nikola
Shoals:2: layout_shoals, serial_shops, shop, abandoned_shop
Shoals:3: layout_shoals
Shoals:4: shoals_end_hangedman, layout_shoals, serial_shops, shop_fountains
Orc:1:    layout_caves, nicolae_orc_bridge_out, uniq_fannar, uniq_josephine
Orc:2:    st_orc_congregation, layout_caves, uniq_azrael, uniq_urug

Skill      XL: |  1  2  3  4  5  6  7  8  9 10 11 12 13 14 15 16 17 18 |
---------------+-------------------------------------------------------+-----
Maces & Flails | 3 4 5 6 8 9 11 13 14 15 16 17 | 17.0
Fighting       | 4 5 6 8 9 10 12 13 14 15 16 | 16.3
Armour         | 4 5 6 8 9 10 12 13 14 15 16 | 16.3
Dodging        | 1 4 6 7 8 9 10 | 10.5
Invocations    | 5 7 9 10 | 10.0
Shields        | 5 7 |  7.6
Evocations     | 2 3 |  3.1

Action                   |  1- 3 |  4- 6 |  7- 9 | 10-12 | 13-15 | 16-18 || total
-------------------------+-------+-------+-------+-------+-------+-------++-------
Melee: Flail             |   142 |    48 |       |       |       |       ||   190
       Mace              |       |   145 |   412 |   467 |       |       ||  1024
       Whip              |       |       |       |   167 |       |       ||   167
       Scimitar          |       |       |       |     9 |       |       ||     9
       Morningstar       |       |       |       |   251 |  1271 |  1176 ||  2698
Throw: Throwing net      |       |       |       |       |     5 |       ||     5
Invok: Heroism           |       |       |       |     1 |    13 |     6 ||    20
 Abil: Fly               |       |       |       |       |     1 |       ||     1
       Evoke Berserk Rag |       |       |       |       |       |     2 ||     2
Evoke: Wand              |       |       |       |       |       |     6 ||     6
  Use: Potion            |     1 |     1 |     3 |       |     2 |     9 ||    16
       Scroll            |       |       |    14 |     5 |    13 |     7 ||    39
 Stab: Invisible         |       |       |     3 |       |       |     4 ||     7
       Held in net/web   |       |       |       |       |     2 |       ||     2
       Distracted        |       |       |       |       |     1 |     1 ||     2
       Sleeping          |       |       |       |       |       |     1 ||     1
  Eat: Chunk             |     1 |     8 |    10 |    21 |    31 |    27 ||    98
       Ration            |       |       |       |     2 |     2 |     4 ||     8
Armor: Scale mail        |    80 |    92 |   169 |   110 |   583 |    68 ||  1102
       Chain mail        |       |       |    48 |   507 |       |     5 ||   560
       Ring mail         |       |       |       |       |       |   476 ||   476
Dodge: Dodged            |    55 |    50 |   110 |   270 |   695 |   862 ||  2042
Block: Shield            |    64 |   105 |   191 |   484 |   740 |   702 ||  2286
       Rpst.: Scimitar   |       |       |       |     3 |       |       ||     3

Table legend:
 A = Non-vault XP
 B = Vault XP
 C = Vault XP percentage of total XP
 D = Non-vault monster count
 E = Vault monster count
 F = Vault count percentage of total count
                 A         B        C        D         E       F
            +---------+---------+-------+---------+---------+-------
      Total |  150415 |   91149 |  37.7 |     662 |     328 |  33.1
            +---------+---------+-------+---------+---------+-------
        D:1 |      39 |       0 |   0.0 |      19 |       0 |   0.0
        D:2 |     123 |      37 |  23.1 |      22 |       1 |   4.3
        D:3 |     172 |       0 |   0.0 |      27 |       0 |   0.0
        D:4 |     684 |       0 |   0.0 |      25 |       0 |   0.0
        D:5 |    1068 |     751 |  41.3 |      26 |       7 |  21.2
        D:6 |     669 |      57 |   7.9 |      15 |       2 |  11.8
        D:7 |     976 |    2430 |  71.3 |      17 |       3 |  15.0
        D:8 |    2983 |    2179 |  42.2 |      35 |       8 |  18.6
        D:9 |    3479 |    5140 |  59.6 |      23 |      38 |  62.3
       D:10 |    2990 |    3036 |  50.4 |      16 |       4 |  20.0
       D:11 |    1056 |    1234 |  53.9 |      21 |       7 |  25.0
       D:12 |    5948 |     363 |   5.8 |      39 |       1 |   2.5
       D:13 |    7191 |    4067 |  36.1 |      28 |      11 |  28.2
       D:14 |   18764 |       0 |   0.0 |      51 |       0 |   0.0
       D:15 |   10722 |    5620 |  34.4 |      23 |       9 |  28.1
     Lair:1 |    3403 |       0 |   0.0 |      18 |       0 |   0.0
     Lair:2 |    2161 |     878 |  28.9 |      11 |       3 |  21.4
     Lair:3 |    8436 |    8314 |  49.6 |      39 |      43 |  52.4
     Lair:4 |    5566 |    7687 |  58.0 |      14 |      41 |  74.5
     Lair:5 |    4209 |       0 |   0.0 |      14 |       0 |   0.0
     Lair:6 |    5494 |   19513 |  78.0 |      17 |      59 |  77.6
   Shoals:1 |    5229 |    3408 |  39.5 |      10 |       1 |   9.1
   Shoals:2 |   18245 |       0 |   0.0 |      31 |       0 |   0.0
   Shoals:3 |   12352 |       0 |   0.0 |      29 |       0 |   0.0
   Shoals:4 |   23478 |   10117 |  30.1 |      46 |      16 |  25.8
      Orc:1 |    1657 |    3231 |  66.1 |      13 |       9 |  40.9
      Orc:2 |    3321 |   13087 |  79.8 |      33 |      65 |  66.3
            +---------+---------+-------+---------+---------+-------
